[Event "Team 45 45 League T41"]
[Site "Internet Chess Club"]
[Date "2009.05.10"]
[Round "2"]
[White "vaknight"]
[Black "Giacometti"]
[Result "0-1"]
[WhiteElo "1656"]
[BlackElo "1760"]
[Opening "Bird's opening"]
[ECO "A03"]
[Time "09:00:05"]
[TimeControl "2700+45"]

1. f4 d5 2. b3 Nf6 3. Bb2 c5 4. Nf3 e6 5. e3 b6 6. Bb5+ Bd7 7. Bd3 Be7 8. O-O b5
9. c4 bxc4 10. bxc4 Qb6 11. Qc2 Nc6 12. a3 Rb8 13. Ra2 Qb3 14. Ba1 Qxc2 15. Rxc2
d4 16. Ne5 Rb3 17. Nxd7 Kxd7 18. Nc3 dxc3 19. Bxc3 Rxa3 20. Rb1 Nb4 21. Bxb4
cxb4 22. Be2 Rb8 23. Bf3 a5 24. Kf1 Ne8 25. Ke2 b3 26. Rcb2 Bf6 27. d4 Nd6 28.
Kd3 Rb4 29. Rc1 Ra2 30. Rbb1 a4 31. e4 b2 32. Rc3 Ra1 33. Rxb2 Rxb2 34. e5 Bd8
{White resigns} 0-1

[Event "Team 45 45 League T41"]
[Site "Internet Chess Club"]
[Date "2009.05.09"]
[Round "2"]
[White "musk6868"]
[Black "rayonline53"]
[Result "0-1"]
[WhiteElo "1754"]
[BlackElo "1609"]
[Opening "Sicilian: Najdorf, 6.Bg5"]
[ECO "B94"]
[Time "10:31:45"]
[TimeControl "2700+45"]

1. e4 c5 2. Nf3 d6 3. d4 cxd4 4. Nxd4 Nf6 5. Nc3 a6 6. Bg5 Nbd7 7. Be2 g6 8. O-O
Bg7 9. Kh1 O-O 10. f4 Qb6 11. Nb3 Re8 12. a4 Nc5 13. a5 Qd8 14. Nxc5 dxc5 15.
Bd3 Nd7 16. f5 Ne5 17. Nd5 Qd6 18. f6 exf6 19. Bxf6 Be6 20. Bxg7 Kxg7 21. Nf6
Rf8 22. Be2 Rad8 23. Qe1 Nd7 24. Qc3 Nxf6 25. Rxf6 Qd4 26. Qxd4 Rxd4 27. Rf2 Rd2
28. Raf1 Rxc2 29. Bf3 Rxf2 30. Rxf2 Rd8 31. Rc2 c4 32. Be2 Rd4 33. Kg1 Kf6 34.
Kf2 Ke5 35. Bf3 Bd7 36. Be2 Bb5 37. Bf3 Ba4 38. Re2 Bd1 39. Re1 Bxf3 40. gxf3
Rd2+ 41. Re2 Rxe2+ 42. Kxe2 Kf4 43. Kf2 h5 44. Ke2 g5 45. Kf2 g4 46. fxg4 hxg4
47. Kg2 Kxe4 48. Kg3 Kf5 49. Kf2 Kf4 50. Ke2 f5 51. Kf2 Ke4 52. Ke2 f4 53. Kf2
Kd4 54. Ke2 Kc5 55. Kd2 Kb4 56. Kc2 g3 {White resigns} 0-1

[Event "Team 45 45 League T41"]
[Site "Internet Chess Club"]
[Date "2009.05.10"]
[Round "2"]
[White "Pawndemonium"]
[Black "ticopatzer"]
[Result "0-1"]
[WhiteElo "1550"]
[BlackElo "1553"]
[Opening "QGD: 4.Bg5 Be7"]
[ECO "D53"]
[Time "21:01:11"]
[TimeControl "2700+45"]

1. d4 d5 2. c4 e6 3. Nc3 Nf6 4. Bg5 Be7 5. h3 O-O 6. Nf3 Nbd7 7. e3 c5 8. Qc2
cxd4 9. Nxd4 Nb6 10. cxd5 Nbxd5 11. a3 Qd7 12. Bd3 h6 13. h4 Rd8 14. Bxf6 Nxf6
15. O-O-O e5 16. Ndb5 Qc6 17. a4 a6 18. Na3 Bxa3 19. Bh7+ Nxh7 20. Rxd8+ Bf8 21.
Kb1 Qxg2 22. Rhd1 b5 23. Nd5 Bb7 24. Rxa8 Bxa8 25. e4 bxa4 26. Qxa4 Nf6 27.
Nxf6+ gxf6 28. Qxa6 Bxe4+ 29. Ka1 Qxf2 30. Rf1 Qxh4 31. Rxf6 Qe1+ 32. Ka2 Bd5+
33. b3 Qd2+ 34. Ka1 Qc3+ 35. Ka2 Bxb3+ 36. Kb1 Qc2+ 37. Ka1 Qc1# {White
checkmated} 0-1

[Event "Team 45 45 League T41"]
[Site "Internet Chess Club"]
[Date "2009.05.08"]
[Round "2"]
[White "medsurg"]
[Black "SeniorCitizen"]
[Result "0-1"]
[WhiteElo "1412"]
[BlackElo "1394"]
[Opening "French: advance, Milner-Barry gambit"]
[ECO "C02"]
[Time "16:00:10"]
[TimeControl "2700+45"]

1. e4 e6 2. d4 d5 3. e5 c5 4. Nf3 Nc6 5. c3 Qb6 6. Bd3 Bd7 7. O-O cxd4 8. cxd4
Nxd4 9. Nxd4 Qxd4 10. Nc3 Qb6 11. Qe2 a6 12. a3 Ne7 13. b4 Ng6 14. b5 a5 15. Na4
Qc7 16. Bf4 Nxf4 {White resigns} 0-1

[Event "Team 45 45 League T41"]
[Site "Internet Chess Club"]
[Date "2009.05.08"]
[Round "2"]
[White "grunts"]
[Black "Grenadier"]
[Result "1/2-1/2"]
[WhiteElo "1754"]
[BlackElo "1650"]
[Opening "Caro-Kann: classical variation"]
[ECO "B18"]
[Time "07:46:42"]
[TimeControl "2700+45"]

1. e4 c6 2. d4 d5 3. Nc3 dxe4 4. Nxe4 Bf5 5. Ng3 Bg6 6. N1e2 Nf6 7. Nf4 e6 8. h4
Bd6 9. h5 Be4 10. Nxe4 Nxe4 11. Qd3 Nf6 12. Bd2 Qc7 13. g3 Na6 14. c3 O-O-O 15.
Qc2 Nb8 16. O-O-O Ng4 17. Be3 h6 18. Bg2 Rhe8 19. Kb1 Nd7 20. Qa4 a6 21. Bf3 Nb6
22. Qb3 Nxe3 23. fxe3 Nd5 24. c4 Nxf4 25. exf4 Kb8 26. d5 exd5 27. cxd5 c5 28.
Rhe1 Qa5 29. Qc3 Qxc3 30. bxc3 Kc7 31. Kc2 Rxe1 32. Rxe1 Rd7 33. c4 Re7 34.
Rxe7+ Bxe7 35. Kd3 Kd6 36. Ke4 b5 37. Be2 b4 38. Bd1 g5 39. f5 f6 40. g4 {Game
drawn by mutual agreement} 1/2-1/2

[Event "Team 45 45 League T41"]
[Site "Internet Chess Club"]
[Date "2009.05.08"]
[Round "2"]
[White "blitzisbest"]
[Black "hooverman4"]
[Result "1-0"]
[WhiteElo "1588"]
[BlackElo "1518"]
[Opening "French defense"]
[ECO "C01"]
[Time "14:00:11"]
[TimeControl "2700+45"]

1. e4 e6 2. d4 c6 3. Bd3 b6 4. Nf3 Ba6 5. O-O h6 6. Bf4 Ne7 7. Nc3 Ng6 8. Bg3
Be7 9. Ne5 d6 10. Nxc6 Nxc6 11. Bxa6 O-O 12. Bb7 Qc7 13. Bxa8 Rxa8 14. Nb5 Qd8
15. d5 exd5 16. Qxd5 Nce5 17. Bxe5 Nxe5 18. f4 Ng4 19. Rfe1 a6 20. Nd4 Nf6 21.
Qb7 Bf8 22. Nc6 Qe8 23. Qxb6 d5 24. exd5 Qd7 25. c4 Bd6 26. g3 Rf8 27. Ne5 Qe7
28. Qxa6 Bxe5 29. fxe5 Qc5+ 30. Kh1 Ng4 31. Re2 Qd4 32. Rae1 h5 33. Kg2 Nh6 34.
h3 Nf5 35. e6 g6 36. exf7+ Kg7 37. Qe6 Qxc4 38. d6 Qc6+ 39. Qe4 Qxe4+ 40. Rxe4
Nxd6 41. Re7 Nf5 42. Rd7 g5 43. Re5 Nh6 44. Rxg5+ Kf6 45. Rxh5 Nxf7 46. Rh4 Ke6
47. Rd2 Ne5 48. Re2 Kd6 49. Rh6+ Kd5 50. Rh5 Re8 51. Rexe5+ {Black resigns} 1-0

[Event "Team 45 45 League T41"]
[Site "Internet Chess Club"]
[Date "2009.05.11"]
[Round "2"]
[White "yellowpebble"]
[Black "GoIrish"]
[Result "0-1"]
[WhiteElo "1393"]
[BlackElo "1633"]
[Opening "Alekhine's defense: modern, fianchetto variation"]
[ECO "B04"]
[Time "21:03:06"]
[TimeControl "2700+45"]

1. e4 Nf6 2. e5 Nd5 3. d4 d6 4. Nf3 g6 5. b3 Bg7 6. Bb2 O-O 7. c4 Nb6 8. Be2 Nc6
9. exd6 cxd6 10. O-O Bg4 11. Nbd2 d5 12. a3 e6 13. h3 Bxf3 14. Nxf3 Nc8 15. Qd2
N8e7 16. Bd1 Nf5 17. Bc2 Nd6 18. cxd5 exd5 19. Rfe1 Qb6 20. Bc3 Nb5 21. Red1
Nxc3 22. Qxc3 Rac8 23. Qd3 Rfe8 24. b4 Re4 25. Qb3 Nxd4 26. Nxd4 Rxd4 27. Rab1
Rxd1+ 28. Rxd1 Rc3 29. Qa2 Qc7 30. Bd3 d4 31. a4 Be5 32. g3 Rc1 33. Rxc1 Qxc1+
34. Kg2 Qc3 35. Bc4 Qxb4 36. Bxf7+ Kg7 37. Qe6 Qd6 38. Qxd6 Bxd6 39. Bd5 b6 40.
Bc4 Kf6 41. Kf3 Ke5 42. Ke2 Bc5 43. Kd3 g5 44. Bg8 h5 45. Bf7 h4 46. gxh4 gxh4
47. f3 Kf4 48. Bd5 Kg3 49. Be6 Kxf3 50. Bd7 Kf4 51. Bg4 Ke5 52. Bd7 Kd5 53. Be8
Bb4 54. Bf7+ Kc5 55. Be8 Bc3 56. Bb5 Kb4 {White resigns} 0-1

[Event "Team 45 45 League T41"]
[Site "Internet Chess Club"]
[Date "2009.05.10"]
[Round "2"]
[White "houseofcook"]
[Black "badmove"]
[Result "0-1"]
[WhiteElo "1408"]
[BlackElo "1570"]
[Opening "Two knights defense"]
[ECO "C56"]
[Time "16:00:06"]
[TimeControl "2700+45"]

1. e4 e5 2. Nf3 Nc6 3. d4 exd4 4. Bc4 Nf6 5. O-O Nxe4 6. Re1 d5 7. Bxd5 Qxd5 8.
Nc3 Qa5 9. Nxe4 Be6 10. Bd2 Qf5 11. Nfg5 O-O-O 12. Nxe6 fxe6 13. Ng5 Re8 14. Ne4
h6 15. c3 e5 16. Rc1 g5 17. Qa4 Bd6 18. b4 Kb8 19. b5 Nd8 20. c4 b6 21. Qa6 Qc8
22. Qa4 Ne6 23. a3 Nc5 24. Nxc5 Bxc5 25. Bb4 d3 26. Re4 Qf5 27. Rce1 Bxf2+ 28.
Kh1 Bxe1 29. Rxe1 e4 30. c5 e3 31. c6 d2 32. Rg1 Rd8 33. Qa6 Qc8 34. Qa4 e2 35.
Bxd2 Rxd2 36. Re1 Rhd8 37. h3 Rd1 {White resigns} 0-1

[Event "Team 45 45 League T41"]
[Site "Internet Chess Club"]
[Date "2009.05.12"]
[Round "2"]
[White "mfeatherston"]
[Black "Ianjo"]
[Result "1/2-1/2"]
[WhiteElo "1878"]
[BlackElo "1817"]
[Opening "Robatsch defense"]
[ECO "B06"]
[Time "19:00:57"]
[TimeControl "2700+45"]

1. e4 g6 2. d4 Bg7 3. Nc3 c5 4. Be3 Qa5 5. Nf3 Nf6 6. Qd2 cxd4 7. Bxd4 Nc6 8.
Bxf6 Bxf6 9. Nd5 Qxd2+ 10. Kxd2 Kd8 11. Nxf6 exf6 12. Rd1 Ke7 13. Kc1 d6 14. h3
Be6 15. Bd3 Rhd8 16. Rhe1 Rac8 17. Kb1 h6 18. a3 Rc7 19. Nh4 Ne5 20. Bf1 Bc4 21.
f4 Nd7 22. Bxc4 Rxc4 23. Nf3 Rcc8 24. h4 h5 25. Nd4 a6 26. c3 Nb6 27. Nc2 Rc4
28. Ne3 Rcc8 29. Rd4 Rc6 30. Nd5+ Ke6 31. f5+ Ke5 32. g3 Rc4 33. Nxb6 Rxd4 34.
cxd4+ Kxd4 35. Kc2 Re8 36. Rd1+ Ke3 37. Nd5+ Kf3 38. Nxf6 Rd8 39. Rd3+ Ke2 40.
fxg6 fxg6 41. Nd5 Kf2 42. Kd2 Re8 43. Re3 Re5 44. Kd3 g5 45. Kd4 Kf1 46. Rf3+
Kg2 47. Ke3 g4 48. Rf2+ Kxg3 49. Nf6 Kxh4 50. Rh2+ Kg5 51. Nxh5 Rb5 52. Ng7 g3
53. Ne6+ Kg4 54. Rd2 Rb3+ 55. Ke2 Rf3 56. Ke1 Re3+ 57. Kf1 Kf3 58. a4 a5 59.
Nd4+ Kxe4 60. Nb5 Kf3 61. Nxd6 Re5 62. Nxb7 Rh5 63. Rd3+ Kg4 64. Rd4+ Kf3 65.
Rd3+ Kg4 66. Kg1 Re5 67. Rd1 Re2 68. b3 Kh3 69. Nxa5 Rg2+ 70. Kf1 Rf2+ 71. Ke1
Rc2 72. Rd3 Kh2 73. Rd6 g2 74. Rh6+ Kg3 75. Rg6+ Kh2 76. Kd1 Rf2 77. Nb7 g1=Q+
78. Rxg1 Kxg1 79. a5 Ra2 80. Kc1 Kf2 81. Kb1 Re2 82. a6 Re8 83. b4 Ke3 84. Kb2
Kd4 85. Kb3 Kd5 86. b5 Re4 87. a7 Re8 88. Ka4 {Game drawn by mutual agreement}
1/2-1/2

[Event "Team 45 45 League T41"]
[Site "Internet Chess Club"]
[Date "2009.05.11"]
[Round "2"]
[White "Frieloe"]
[Black "BigC"]
[Result "1/2-1/2"]
[WhiteElo "1883"]
[BlackElo "1873"]
[Opening "Sicilian: Sveshnikov variation"]
[ECO "B41"]
[Time "13:00:06"]
[TimeControl "2700+45"]

1. e4 c5 2. Nf3 e6 3. d4 cxd4 4. Nxd4 Nf6 5. Nc3 Nc6 6. Ndb5 d6 7. Bf4 e5 8. Bg5
a6 9. Na3 b5 10. Bxf6 gxf6 11. Nd5 f5 12. Bd3 Be6 13. Qh5 Bg7 14. O-O h6 15. c3
O-O 16. Nc2 fxe4 17. Bxe4 f5 18. Nf4 exf4 19. Bxc6 Ra7 20. Qf3 Qg5 21. Bd5 Bf7
22. a4 Rc7 23. axb5 axb5 24. Rfd1 Be5 25. Ra5 Rb8 26. Rda1 Kh7 27. Bxf7 Rxf7 28.
Ra7 Qg7 29. R7a6 Qg4 30. Qxg4 fxg4 31. Nb4 Rbb7 32. Rd1 g3 33. f3 Rfd7 34. Nd5
h5 35. Raa1 Rg7 36. h3 Rg8 37. Kf1 Re8 38. Re1 Rc8 39. Red1 Rc4 40. Ra5 Rc5 41.
Ra8 Kg7 42. Nb4 Rcc7 43. Raa1 Rd7 {Game drawn by mutual agreement} 1/2-1/2

[Event "Team 45 45 League T41"]
[Site "Internet Chess Club"]
[Date "2009.05.09"]
[Round "2"]
[White "Philly-Boy"]
[Black "LuxAeterna"]
[Result "1-0"]
[WhiteElo "1825"]
[BlackElo "1782"]
[Opening "QGD"]
[ECO "D52"]
[Time "10:03:08"]
[TimeControl "2700+45"]

1. d4 c6 2. c4 d5 3. Nf3 Nf6 4. Nc3 e6 5. Bg5 Nbd7 6. e3 Be7 7. Qc2 O-O 8. h4 h6
9. Bxf6 Nxf6 10. Ne5 Nd7 11. O-O-O Nxe5 12. dxe5 f6 13. exf6 Bxf6 14. Bd3 Qa5
15. Kb1 Bxc3 16. bxc3 b5 17. cxb5 cxb5 18. Ka1 Ba6 19. Rb1 Rac8 20. Rb3 e5 21.
f3 d4 22. exd4 exd4 23. Rc1 Rc5 24. Qb2 Rfc8 25. Ra3 Qb6 26. Rc2 Qf6 27. cxd4
Rxc2 28. Bxc2 Rc4 29. Bb3 Qb6 30. Bxc4+ bxc4 31. Qxb6 {Black resigns} 1-0

[Event "Team 45 45 League T41"]
[Site "Internet Chess Club"]
[Date "2009.05.07"]
[Round "2"]
[White "raimundo"]
[Black "BrerRabbit"]
[Result "1-0"]
[WhiteElo "1819"]
[BlackElo "1602"]
[Opening "King's Indian: fianchetto without c4"]
[ECO "A49"]
[Time "19:00:43"]
[TimeControl "2700+45"]

1. d4 Nf6 2. Nf3 g6 3. g3 Bg7 4. c4 O-O 5. Bg2 d6 6. O-O Nbd7 7. Bf4 Re8 8. Nc3
e5 9. Bg5 h6 10. dxe5 hxg5 11. exf6 Bxf6 12. Rc1 Ne5 13. c5 Nxf3+ 14. Bxf3 dxc5
15. Nd5 Bxb2 16. Rxc5 c6 17. Qb3 Bd4 18. Rc4 Bg7 19. Ne3 Be6 20. Qxb7 Bxc4 21.
Nxc4 Qc8 22. Qxc6 Rxe2 23. Qxc8+ Rxc8 24. Bxe2 Rc6 25. Rd1 Rc7 26. Rd8+ Bf8 27.
Nd6 Rc1+ 28. Kg2 Rc2 29. Bc4 {Black resigns} 1-0

[Event "Team 45 45 League T41"]
[Site "Internet Chess Club"]
[Date "2009.05.07"]
[Round "2"]
[White "SneakyRed"]
[Black "pawn111"]
[Result "1-0"]
[WhiteElo "1978"]
[BlackElo "1860"]
[Opening "Sicilian: Alapin's variation (2.c3)"]
[ECO "B22"]
[Time "10:02:07"]
[TimeControl "2700+45"]

1. e4 c5 2. c3 Nc6 3. Nf3 e6 4. d4 cxd4 5. cxd4 d5 6. exd5 Qxd5 7. Nc3 Qa5 8.
Bd3 Nf6 9. O-O Be7 10. a3 O-O 11. Be3 Rd8 12. Qc2 h6 13. b4 Qc7 14. Nb5 Qd7 15.
Rfd1 a6 16. Ne5 Nxe5 17. dxe5 Nd5 18. Nc3 Kf8 19. Nxd5 exd5 20. Bb6 Re8 21. Rac1
Bg5 22. Bh7 Rxe5 23. Bc5+ Ke8 24. Re1 Qe6 25. Rxe5 Qxe5 26. Rf1 g6 27. Bxg6 fxg6
28. Qxg6+ Kd8 29. Bb6+ Kd7 30. f4 Qf6 31. Qh7+ Qe7 32. Qf5+ Kc6 33. Qg6+ Bf6 34.
Bc5 Qg7 35. Qe8+ Kc7 36. Rc1 Kb8 37. Bd6+ Ka7 38. Rxc8 Rxc8 39. Qxc8 Bd4+ 40.
Kf1 Qf7 41. Bc7 a5 42. b5 {Black resigns} 1-0

[Event "Team 45 45 League T41"]
[Site "Internet Chess Club"]
[Date "2009.05.07"]
[Round "2"]
[White "Ickabod"]
[Black "Rainbird"]
[Result "1-0"]
[WhiteElo "1877"]
[BlackElo "1770"]
[Opening "Alekhine's defense: modern, Schmid variation"]
[ECO "B04"]
[Time "17:00:24"]
[TimeControl "2700+45"]

1. e4 Nf6 2. e5 Nd5 3. d4 d6 4. Nf3 Nb6 5. Be2 g6 6. Be3 Bg7 7. exd6 cxd6 8. c3
O-O 9. Nbd2 Nc6 10. h3 Bf5 11. Qb3 d5 12. O-O Qc7 13. g4 Bd7 14. a3 Qc8 15. Nh2
Qc7 16. f4 Nc8 17. Qxd5 Rd8 18. Qf3 Nd6 19. Nc4 Nxc4 20. Bxc4 Na5 21. Ba2 Bb5
22. Rfe1 Bc4 23. Bxc4 Nxc4 24. Re2 e6 25. Bf2 b5 26. g5 a5 27. Bg3 Qb6 28. Kg2
Bf8 29. Ng4 b4 30. axb4 Bxb4 31. cxb4 Qxb4 32. Qc3 Qb7+ 33. Kh2 Qb5 34. Rae1 a4
35. d5 a3 36. bxa3 Rxa3 37. Nh6+ Kf8 38. Qh8+ Ke7 39. Qf6+ Kd7 40. Qxf7+ Kc8 41.
Qxe6+ Kb8 42. f5+ Ka8 43. Qc6+ Qxc6 44. dxc6 Rdd3 45. Re8+ Ka7 46. Bf2+ Ka6 47.
Ra8+ Kb5 48. Rxa3 Rxa3 49. c7 {Black resigns} 1-0

[Event "Team 45 45 League T41"]
[Site "Internet Chess Club"]
[Date "2009.05.14"]
[Round "2"]
[White "azbycx"]
[Black "MOchess-boy"]
[Result "1/2-1/2"]
[WhiteElo "1819"]
[BlackElo "1789"]
[Opening "Queen's pawn game, Darooha variation "]
[ECO "D02"]
[Time "21:00:06"]
[TimeControl "2700+45"]

1. d4 d5 2. Nf3 Nf6 3. g3 Bg4 4. Ne5 Bh5 5. Bg2 e6 6. O-O Nbd7 7. Bg5 Be7 8. Nd2
Nxe5 9. dxe5 Nd7 10. Bxe7 Qxe7 11. f4 c5 12. c4 Nb6 13. b3 Rd8 14. Qe1 dxc4 15.
Ne4 O-O 16. Nd6 Nd5 17. e4 Nb4 18. Qc3 Rxd6 19. exd6 Qxd6 20. Qxc4 b6 21. h3 h6
22. g4 Bg6 23. Rad1 Qc7 24. f5 exf5 25. exf5 Bh7 26. Qf4 Qxf4 27. Rxf4 Nc2 28.
Rd7 Nd4 29. Re4 g6 30. fxg6 Bxg6 31. Ree7 Nb5 32. Bf1 Nd4 33. Bg2 Nb5 34. a4 Nd4
35. Bd5 a5 36. Rb7 Rd8 37. Bxf7+ Bxf7 38. Rxf7 Nxb3 39. Rf6 Rc8 40. Rfxb6 c4 41.
Rg6+ Kh8 42. Rxh6+ Kg8 43. Rbh7 Rc5 44. Rh8+ Kg7 45. R6h7+ Kg6 46. Rh6+ Kg7 47.
R6h7+ Kg6 48. Rh6+ Kg7 49. R6h7+ {Game drawn by repetition} 1/2-1/2

[Event "Team 45 45 League T41"]
[Site "Internet Chess Club"]
[Date "2009.05.09"]
[Round "2"]
[White "miranda01"]
[Black "Duguesclin"]
[Result "0-1"]
[WhiteElo "1338"]
[BlackElo "1700"]
[Opening "Queen's pawn: Torre attack"]
[ECO "A46"]
[Time "06:02:12"]
[TimeControl "2700+45"]

1. d4 Nf6 2. Nf3 e6 3. Bg5 h6 4. Bh4 Be7 5. Nbd2 d5 6. e3 O-O 7. Be2 Nbd7 8. O-O
c5 9. c3 b6 10. Re1 c4 11. b3 b5 12. h3 Bb7 13. Qc2 Ne4 14. Bxe7 Qxe7 15. Nxe4
dxe4 16. Nd2 Qh4 17. Nxe4 Bxe4 18. Qd2 Nb6 19. bxc4 Nxc4 20. Bxc4 bxc4 21. a4
Rab8 22. Qa2 Qg5 23. g3 Rb3 24. Rac1 Rfb8 25. Rf1 Qh5 26. Kh2 Qf3 27. Rg1 Rb2
{White resigns} 0-1

[Event "Team 45 45 League T41"]
[Site "Internet Chess Club"]
[Date "2009.05.11"]
[Round "2"]
[White "upsan"]
[Black "tsia68"]
[Result "1/2-1/2"]
[WhiteElo "1788"]
[BlackElo "1876"]
[Opening "Pirc: Holmov system"]
[ECO "B07"]
[Time "17:00:36"]
[TimeControl "2700+45"]

1. e4 d6 2. d4 Nf6 3. Nc3 g6 4. Bc4 Bg7 5. Qe2 Nc6 6. Nf3 O-O 7. e5 dxe5 8. dxe5
Ng4 9. e6 Na5 10. exf7+ Kh8 11. h3 Nf6 12. O-O Nxc4 13. Qxc4 e6 14. Ng5 Nd5 15.
Nxd5 exd5 16. Qb3 h6 17. Qg3 hxg5 18. Bxg5 Bf6 19. Qh4+ Kg7 20. Qh6+ Kxf7 21.
Qh7+ Ke6 22. Qxg6 Kd7 23. Bh6 Rg8 24. Qf7+ Kc6 25. Rfd1 Bxh3 26. c4 Rxg2+ 27.
Kh1 d4 28. Qh5 Bg4 29. Qb5+ Kd6 30. Bf4+ Ke7 31. Re1+ Kf7 32. Kxg2 d3 33. Qd5+
Qxd5+ 34. cxd5 Bxb2 35. Bxc7 Bxa1 36. Rxa1 Be2 37. Bf4 Rd8 38. d6 {Game drawn by
mutual agreement} 1/2-1/2

[Event "Team 45 45 League T41"]
[Site "Internet Chess Club"]
[Date "2009.05.07"]
[Round "2"]
[White "room-matt"]
[Black "qs16"]
[Result "1/2-1/2"]
[WhiteElo "1781"]
[BlackElo "1754"]
[Opening "Sicilian: Najdorf, Lipnitzky attack"]
[ECO "B86"]
[Time "15:32:44"]
[TimeControl "2700+45"]

1. e4 c5 2. Nf3 d6 3. d4 cxd4 4. Nxd4 Nf6 5. Nc3 a6 6. Bc4 e6 7. O-O b5 8. Bb3
Be7 9. Qf3 Bb7 10. Bg5 O-O 11. a3 Nbd7 12. Rfe1 Nc5 13. Ba2 d5 14. e5 Nfe4 15.
Nxe4 Nxe4 16. Bxe7 Qxe7 17. Rad1 Rac8 18. c3 Qc5 19. Bb1 Qc7 20. Bxe4 dxe4 21.
Qf4 Qc4 22. Re3 Rcd8 23. Rd2 Qa2 24. Re1 Qc4 25. h3 Qc5 26. Kh2 Qd5 27. g4 e3
28. fxe3 f6 29. exf6 Rxf6 30. Qg3 Rdf8 31. e4 Qg5 32. Rde2 h5 33. Rg1 h4 34. Qg2
Qe5+ 35. Kh1 Rf4 36. Rge1 Qf6 37. Kg1 g6 38. g5 Qe7 39. Re3 e5 40. Nf3 Qc5 41.
Kh2 Bxe4 42. Rxe4 Rxf3 43. b4 Qxc3 44. Qa2+ Kh8 45. Rxh4+ Kg7 46. Re2 Qc7 47.
Qb2 R8f5 48. Rg4 Kf8 49. h4 Rc3 50. Kg2 Qc6+ 51. Kh2 Qf3 52. Reg2 Qh3+ 53. Kg1
Rcf3 54. Qc1 Rf1+ 55. Qxf1 Rxf1+ 56. Kxf1 Qxa3 57. Re4 Qd3+ 58. Rge2 Qh3+ 59.
Ke1 Qc3+ 60. Kf1 Kf7 61. Rxe5 Qxb4 62. Rf2+ Kg7 63. Rfe2 Qf4+ 64. Kg2 Qg4+ 65.
Kf1 Qf3+ 66. Ke1 Qc3+ 67. Kf1 Qh3+ 68. Ke1 Qxh4+ 69. Kd2 Qb4+ 70. Kd1 Kf7 71.
Rf2+ Kg7 72. Rfe2 Qd4+ 73. Ke1 Qd6 74. Kf1 b4 75. Re7+ Kf8 76. Rb7 Qd1+ 77. Kf2
Qd4+ 78. Kf1 Qg4 79. Rb8+ Kf7 80. Rb7+ Kf8 81. Rb8+ Kf7 {Game drawn by mutual
agreement} 1/2-1/2

[Event "Team 45 45 League T41"]
[Site "Internet Chess Club"]
[Date "2009.05.08"]
[Round "2"]
[White "rom1"]
[Black "themis8"]
[Result "0-1"]
[WhiteElo "1621"]
[BlackElo "1797"]
[Opening "QGD: semi-Slav"]
[ECO "D31"]
[Time "11:00:07"]
[TimeControl "2700+45"]

1. d4 d5 2. c4 e6 3. Nc3 c6 4. cxd5 exd5 5. Nf3 Nf6 6. Bg5 Be7 7. e3 O-O 8. Qc2
Bg4 9. Be2 Bh5 10. O-O Bg6 11. Bd3 Bxd3 12. Qxd3 Nbd7 13. Rab1 a5 14. a3 Re8 15.
Ne2 Nb6 16. Ng3 Ne4 17. Bf4 Bd6 18. Be5 f6 19. Bxd6 Qxd6 20. Nf5 Qe6 21. N3h4
Nc4 22. Rfe1 g6 23. f3 gxf5 24. fxe4 Qxe4 25. Qxe4 fxe4 26. Kf2 Kf7 27. Ke2 Rg8
28. g3 a4 29. Rf1 Ke6 30. Nf5 Ra6 31. Rf4 Rb6 32. Nh6 Rg6 33. Ng4 Rxb2+ 34. Rxb2
Nxb2 35. Nf2 Nc4 36. Nd1 Nxa3 37. Nc3 b5 38. Rf1 Nc4 39. Ra1 Rh6 40. h4 Rg6 41.
Kf2 Rg8 42. Na2 Ra8 43. Nb4 Kd6 44. Nc2 a3 45. Ra2 c5 46. dxc5+ Kxc5 47. Nd4 b4
48. Nb3+ Kb5 49. Ke2 Ka4 50. Nc5+ Kb5 51. Nb3 Ra7 52. Kf2 Nb2 53. Nd4+ Kc4 54.
Nc6 Ra8 55. Nd4 b3 56. Ra1 Nd3+ {White resigns} 0-1

[Event "Team 45 45 League T41"]
[Site "Internet Chess Club"]
[Date "2009.05.11"]
[Round "2"]
[White "MRX"]
[Black "Despair"]
[Result "0-1"]
[WhiteElo "1730"]
[BlackElo "1927"]
[Opening "French: advance variation"]
[ECO "C02"]
[Time "12:33:39"]
[TimeControl "2700+45"]

1. e4 e6 2. d4 d5 3. e5 c5 4. c3 b6 5. Nf3 Nd7 6. Bd3 c4 7. Bc2 Ne7 8. Nbd2 g6
9. Nf1 Bg7 10. Ng3 Bb7 11. Be3 O-O 12. Qd2 b5 13. Bh6 a5 14. h4 Nf5 15. Nxf5
exf5 16. h5 Qe7 17. Bxg7 Kxg7 18. hxg6 fxg6 19. Qh6+ Kg8 20. Ng5 Nf6 21. O-O-O
Ng4 22. Qxh7+ Qxh7 23. Nxh7 Nxf2 24. Nxf8 Rxf8 25. Rhf1 Nxd1 26. Bxd1 a4 27. Kd2
Kf7 28. Ke3 Rh8 29. g4 Rh3+ 30. Kf4 Bc8 31. gxf5 Bxf5 32. Rf2 Rh4+ 33. Kg3 Rh3+
34. Kg2 Re3 35. Bg4 Ke6 36. Bxf5+ gxf5 37. Rf3 Re2+ 38. Rf2 Re1 39. Kf3 Rc1 40.
a3 b4 41. axb4 a3 42. bxa3 Rxc3+ 43. Kf4 Rd3 44. Kg5 Rxd4 45. Rxf5 c3 46. Rf1
Kxe5 47. b5 Ra4 48. Ra1 Kd6 49. Kf5 Kc5 50. Ke5 Re4+ 51. Kf5 Kxb5 52. Rd1 c2 53.
Rc1 Rc4 54. Ke5 Ka4 55. Kxd5 Rc8 56. Kd4 Kxa3 57. Kd3 Kb2 58. Kd2 Rd8+ {White
resigns} 0-1

[Event "Team 45 45 League T41"]
[Site "Internet Chess Club"]
[Date "2009.05.09"]
[Round "2"]
[White "BigH"]
[Black "viking99"]
[Result "0-1"]
[WhiteElo "1730"]
[BlackElo "1833"]
[Opening "Scotch game"]
[ECO "C45"]
[Time "12:04:17"]
[TimeControl "2700+45"]

1. Nf3 Nc6 2. e4 e5 3. d4 exd4 4. Nxd4 Nxd4 5. Qxd4 c5 6. Qd1 Qc7 7. Bc4 Nf6 8.
Nc3 a6 9. Nd5 Nxd5 10. Qxd5 d6 11. O-O Be6 12. Qd3 Be7 13. Bxe6 fxe6 14. f4 O-O
15. f5 c4 16. Qg3 exf5 17. exf5 Bf6 18. c3 Rae8 19. Bf4 Be5 20. Bxe5 dxe5 21.
Rad1 Qc5+ 22. Qf2 Qxf2+ 23. Rxf2 Rd8 24. Rxd8 Rxd8 25. f6 g6 26. g4 h6 27. h4
Kf7 28. g5 hxg5 29. hxg5 Rd5 30. Rh2 e4 31. Rh7+ Ke6 32. Re7+ Kd6 33. Rxe4 Rxg5+
34. Kh2 b5 35. Rf4 Rf5 36. Kg3 Ke6 37. Rd4 Rxf6 38. b3 cxb3 39. axb3 Ke5 40. Rd8
Rc6 41. Re8+ Re6 42. Rc8 Ke4 43. c4 bxc4 44. Rxc4+ Kd3 45. Rc8 Rb6 46. Rb8 Rxb8
{White resigns} 0-1

[Event "Team 45 45 League T41"]
[Site "Internet Chess Club"]
[Date "2009.05.11"]
[Round "2"]
[White "Marichan"]
[Black "quotha"]
[Result "0-1"]
[WhiteElo "1848"]
[BlackElo "1687"]
[Opening "Philidor: exchange variation"]
[ECO "C41"]
[Time "18:03:07"]
[TimeControl "2700+45"]

1. e4 e5 2. Nf3 d6 3. d4 exd4 4. Nxd4 Be7 5. Bc4 Nf6 6. Nc3 O-O 7. O-O a6 8. a4
c5 9. Nf3 Nc6 10. h3 Be6 11. Qe2 Nd4 12. Nxd4 cxd4 13. Nd5 Nxd5 14. exd5 Bf5 15.
Bd3 Bxd3 16. Qxd3 Bf6 17. Bf4 Re8 18. Qd2 Qb6 19. b4 Rac8 20. Rae1 Red8 21. Bg5
Bxg5 22. Qxg5 Rxc2 23. a5 Qc7 24. Re7 Qc8 25. Rxb7 h6 26. Qe7 Rf8 27. Rb6 Re8
28. Qxd6 Rc1 29. Rc6 Rxf1+ 30. Kxf1 Qf5 31. Qc5 Qe5 32. Kg1 d3 33. Qe3 Qxe3 34.
fxe3 d2 {White resigns} 0-1

[Event "Team 45 45 League T41"]
[Site "Internet Chess Club"]
[Date "2009.05.17"]
[Round "2"]
[White "pelayo"]
[Black "DaveTheRook"]
[Result "1/2-1/2"]
[WhiteElo "1561"]
[BlackElo "1695"]
[Opening "English opening"]
[ECO "A05"]
[Time "15:08:03"]
[TimeControl "2700+45"]

1. Nf3 Nf6 2. c4 g6 3. b3 Bg7 4. Bb2 O-O 5. g3 d6 6. Bg2 c6 7. d4 Nbd7 8. O-O
Qc7 9. Nc3 Rb8 10. e4 e5 11. d5 a6 12. a4 c5 13. Re1 Nh5 14. Qc2 Ndf6 15. Bc1
Ne8 16. Ra2 f5 17. exf5 Bxf5 18. Ne4 Nef6 19. Nfg5 Nxe4 20. Ne6 Bxe6 21. Bxe4
Bf5 22. Bxf5 Rxf5 23. g4 Rf3 24. gxh5 Qd7 25. Qe4 Qf5 26. hxg6 Qxg6+ 27. Qxg6
hxg6 28. Re3 Rbf8 29. Kg2 R3f5 30. Rg3 Kf7 31. Bg5 Rh8 32. Re2 Bf6 33. Bxf6 Kxf6
34. Ree3 Rh4 35. Ref3 Rd4 36. Rxf5+ Kxf5 37. Rf3+ {Game drawn by mutual
agreement} 1/2-1/2

[Event "Team 45 45 League T41"]
[Site "Internet Chess Club"]
[Date "2009.05.10"]
[Round "2"]
[White "Zebbile"]
[Black "nas3"]
[Result "1-0"]
[WhiteElo "2003"]
[BlackElo "1716"]
[Opening "Queen's pawn game"]
[ECO "A46"]
[Time "16:00:12"]
[TimeControl "2700+45"]

1. Nf3 Nf6 2. d4 e6 3. Bf4 d5 4. e3 Bd6 5. Nbd2 Bxf4 6. exf4 Nh5 7. g3 O-O 8.
Bd3 Nd7 9. Qe2 c5 10. c3 c4 11. Bc2 b5 12. O-O Qf6 13. Ne5 Qh6 14. Ng4 {Black
resigns} 1-0